 Dungeon Crawl Stone Soup version 0.30-a0-557-ge2afbf3030 (webtiles) character file.

Game seed: 10900505514066255443

4419 Newt the Fighter (level 10, -14/80 HPs)
             Began as a Demonspawn Gladiator on Dec 27, 2022.
             Was a Priest of Qazlal.
             Demolished by a two-headed ogre
             ... wielding a +0 giant club
              (20 damage)
             ... on level 9 of the Dungeon.
             The game lasted 00:09:25 (8606 turns).

Newt the Fighter (Demonspawn Gladiator)             Turns: 8606, Time: 00:09:25

Health: -14/80     AC:  6    Str: 19    XL:     10   Next: 14%
Magic:  10/10      EV: 17    Int: 10    God:    Qazlal [***...]
Gold:   321        SH:  4    Dex: 14    Spells: 9/9 levels left

rFire   . . .      SeeInvis .    C - +3 long sword (flame)
rCold   . . .      Faith    +    (no shield)
rNeg    . . .      Spirit   .    b - +0 leather armour
rPois   .          Reflect  .    (helmet restricted)
rElec   .          Harm     .    k - +0 cloak
rCorr   +          Rampage  .    g - +0 pair of gloves
Will    .....                    (no boots)
Stlth   ++                       G - amulet of faith
HPRegen 0.33/turn                f - ring of resist corrosion
MPRegen 0.12/turn                E - +4 ring of evasion

@: no status effects
A: horns 2, demonic guardian 2, foul stench 1, sturdy frame 2
a: Renounce Religion, Upheaval, Elemental Force


You were on level 9 of the Dungeon.
You worshipped Qazlal.
Qazlal was most pleased with you.
You visited 1 branch of the dungeon, and saw 9 of its levels.

You collected 391 gold pieces.
You spent 70 gold pieces at shops.

Inventory:

Hand Weapons
 a - a +0 rapier
 j - a +0 dagger of venom
 r - a +0 long sword
 C - a +3 long sword of flaming (weapon)
Missiles
 d - 2 throwing nets (quivered)
 q - a javelin
Armour
 b - a +0 leather armour (worn)
 c - a +0 helmet
 g - a +0 pair of gloves (worn)
 k - a +0 cloak (worn)
 s - an orb of energy
Jewellery
 f - a ring of resist corrosion (left hand)
 h - an amulet of magic regeneration
 p - a ring of see invisible
 E - a +4 ring of evasion (right hand)
 F - a ring of positive energy
 G - an amulet of faith (around neck)
Wands
 e - a wand of light (2)
 t - a wand of polymorph (16)
 x - a wand of flame (26)
Scrolls
 i - a scroll of enchant armour
 l - 2 scrolls of noise
 o - a scroll of torment
 v - a scroll of acquirement {unknown}
 y - a scroll of teleportation
 A - a scroll of silence
 B - a scroll of magic mapping {unknown}
 I - a scroll of brand weapon {unknown}
 K - a scroll of vulnerability {unknown}
 M - a scroll of fear
 N - a scroll of poison {unknown}
 O - a scroll of amnesia {unknown}
Potions
 m - 3 potions of curing
 n - a potion of flight
 u - a potion of lignification
 w - 5 potions of attraction
 z - a potion of heal wounds
 D - a potion of might
 H - a potion of resistance
 J - a potion of cancellation
 L - a potion of magic {unknown}


   Skills:
 - Level 8.0 Fighting
 - Level 2.6(5.6) Short Blades
 - Level 7.7(8.0) Long Blades
 - Level 1.7 Throwing
 + Level 5.6 Armour
 - Level 4.0 Dodging
 - Level 3.0 Stealth
 - Level 5.0 Evocations


You had 9 spell levels left.
You didn't know any spells.
Your spell library contained the following spells:

 Spells                   Type           Power      Damage    Failure   Level
 Sublimation of Blood     Necr           0%         N/A       50%         2
 Dazzling Flash           Conj/Hex       0%         N/A       75%         3
 Gell's Gravitas          Tloc           0%         N/A       75%         3
 Lesser Beckoning         Tloc           0%         N/A       75%         3
 Summon Guardian Golem    Hex/Summ       0%         N/A       75%         3
 Teleport Other           Tloc           0%         N/A       75%         3
 Anguish                  Hex/Necr       0%         N/A       98%         4
 Petrify                  Tmut/Erth      0%         N/A       98%         4
 Agony                    Necr           0%         N/A       100%        5
 Irradiate                Conj/Tmut      0%         3d11      100%        5
 Silence                  Hex/Air        0%         N/A       100%        5
 Enfeeble                 Hex            0%         N/A       100%        7
 Orb of Destruction       Conj           0%         9d5       100%        7
 Spellforged Servitor     Conj/Summ      0%         N/A       100%        7


Dungeon Overview and Level Annotations

Branches:
Dungeon (9/15)             Temple (0/1) D:7
   Lair: D:8-11         Orc: D:9-12

Altars:
Ashenzari
Gozag
Hepliaklqana
Kikubaaqudgha
Makhleb
Qazlal
Xom

Shops:
D:3 !

Annotations:
D:6 4 runed translucent doors, Crazy Yiuf; arthad's ghost, novice GrEE
D:9 Maggie


Innate Abilities, Weirdness & Mutations

You have a pair of horns on your head.
A demonic guardian rushes to your aid.
You may rarely emit foul miasma when damaged in melee.
Your movements are less encumbered by armour. (ER -4)


Message History

The two-headed ogre hits you with a +0 giant club!!
The two-headed ogre hits you with a +0 giant club.
The kobold barely misses you.
Maggie casts a spell.
Maggie attempts to bespell you! You resist with almost no effort.
The kobold hits you but does no damage.
A cyclops comes into view.
The two-headed ogre hits you with a +0 giant club! x2
You emit a cloud of foul miasma!
The kobold hits you with a +0 short sword.
You emit a cloud of foul miasma!
Maggie gives herself a magical halo, but it quickly sputters out.
Maggie casts a spell.
Maggie attempts to bespell you!
You easily resist.
You hear a trumpeting!
The two-headed ogre is engulfed in dark miasma.
The two-headed ogre is poisoned.
The two-headed ogre hits you with a +0 giant club!!
* * * LOW HITPOINT WARNING * * *
The two-headed ogre hits you with a +0 giant club!
* * * LOW HITPOINT WARNING * * *
The kobold is engulfed in dark miasma.
The kobold is poisoned.
You kill the kobold!
Qazlal accepts your kill.
A centaur warrior comes into view.
The two-headed ogre is engulfed in dark miasma.
The two-headed ogre looks even sicker.
The two-headed ogre hits you with a +0 giant club!
* * * LOW HITPOINT WARNING * * *
A demonic guardian appears!
The two-headed ogre hits you with a +0 giant club!
* * * LOW HITPOINT WARNING * * *
You turn to flesh and can move again.
You feel much better.
The two-headed ogre is no longer blind.
The two-headed ogre is engulfed in dark miasma.
The two-headed ogre looks even sicker.
The two-headed ogre hits you with a +0 giant club!!
* * * LOW HITPOINT WARNING * * *
The two-headed ogre hits you with a +0 giant club!!
You die...

.. .. .#
##. ... ..
#...##.####
#.#....#..#
#......K§.#
###[#.O@.#
#÷4#÷#
#......#
#.....##
#cC...?
#......#
#..$>...
.......##.
##.....


You could see a centaur warrior, a two-headed ogre (very poisoned, ally target),
a cyclops, a kobold and a friendly rust devil (summoned).

Vanquished Creatures
  A two-headed ogre (D:8)
  A wyvern (D:7)
  A basilisk (D:9)
  3 yaks (D:9)
  A steam dragon (D:8)
  A water moccasin (D:8)
  2 sky beasts
  2 black bears
  3 ogres
  A phantom (D:4)
  3 kobold brigands
  Blork the orc (D:6)
  2 bullfrogs
  A necrophage (D:7)
  3 wights (D:8)
  2 vampire bats (D:4)
  5 howler monkeys
  2 hounds
  A jelly (D:5)
  3 orc priests
  Jessica (D:3)
  Ijyb (D:3)
  3 iguanas
  7 orc wizards
  4 gnolls (D:4)
  6 adders
  A shadow imp (D:8)
  2 white imps
  2 ufetubi
  A worm (D:3)
  A dart slug (D:3)
  28 orcs
  9 ball pythons
  4 bat skeletons (D:4)
  2 bat zombies (D:4)
  4 endoplasms
  2 giant cockroaches
  7 goblins
  9 hobgoblins
  2 jackals (D:1)
  7 quokkas
  2 bats
  5 frilled lizards
  18 kobolds
  9 rats
176 creatures vanquished.

Vanquished Creatures (collateral kills)
  2 yaks (D:9)
  An orc warrior (D:8)
  An ice beast (D:5)
  A howler monkey (D:8)
  3 orcs (D:8)
  3 kobolds (D:8)
11 creatures vanquished.

Vanquished Creatures (others)
  2 orcs
  2 plants (D:9)
4 creatures vanquished.

Grand Total: 191 creatures vanquished

Notes
Turn   | Place    | Note
-------+----------+-------------------------------------------
     0 | D:1      | Newt the Demonspawn Gladiator began the quest for the Orb.
     0 | D:1      | Reached XP level 1. HP: 16/16 MP: 1/1
    86 | D:1      | Reached skill level 1 in Stealth
   286 | D:1      | Gained mutation: You have a pair of small horns on your
                  | head. [demonic ancestry]
   286 | D:1      | Reached XP level 2. HP: 15/22 MP: 2/2
   880 | D:2      | Reached XP level 3. HP: 27/27 MP: 3/3
   993 | D:2      | Found a stormy altar of Qazlal.
  1505 | D:2      | Gained mutation: You have a pair of horns on your head.
                  | [demonic ancestry]
  1505 | D:2      | Reached XP level 4. HP: 34/34 MP: 4/4
  1676 | D:2      | Reached skill level 3 in Fighting
  1774 | D:2      | Became a worshipper of Qazlal Stormbringer
  1876 | D:3      | Noticed Jessica
  1878 | D:3      | Killed Jessica
  1966 | D:3      | Found Terilurgh's Distillery.
  1975 | D:3      | Noticed a bullfrog
  1978 | D:3      | Noticed Ijyb
  1993 | D:3      | Killed a bullfrog
  1994 | D:3      | Reached skill level 4 in Fighting
  1994 | D:3      | Reached XP level 5. HP: 26/43 MP: 5/5
  2301 | D:3      | Killed Ijyb
  2410 | D:3      | Bought a potion of flight for 30 gold pieces
  2410 | D:3      | Bought a potion of might for 40 gold pieces
  2555 | D:3      | Reached skill level 5 in Fighting
  2700 | D:3      | Found a shimmering altar of Xom.
  2701 | D:3      | Found a hazy altar of Hepliaklqana.
  2702 | D:3      | Noticed a spectral ugly thing
  2718 | D:4      | Noticed a phantom
  2766 | D:4      | Killed a phantom
  2767 | D:4      | Gained mutation: You may rarely emit foul miasma when
                  | damaged in melee. [demonic ancestry]
  2767 | D:4      | Reached XP level 6. HP: 17/51 MP: 6/6
  2787 | D:4      | HP: 2/51 [something (2)]
  2790 | D:4      | Reached * piety under Qazlal
  2791 | D:4      | Reached skill level 1 in Long Blades
  3541 | D:4      | Found an ancient bone altar of Kikubaaqudgha.
  3565 | D:4      | Gained mutation: A weak demonic guardian rushes to your
                  | aid. [demonic ancestry]
  3565 | D:4      | Reached XP level 7. HP: 56/56 MP: 7/7
  3620 | D:5      | Entered Level 5 of the Dungeon
  3914 | D:5      | Found a broken altar of Ashenzari.
  4235 | D:5      | Reached skill level 1 in Armour
  4235 | D:5      | Reached skill level 1 in Evocations
  4746 | D:6      | Reached ** piety under Qazlal
  4779 | D:6      | Noticed Blork the orc
  4785 | D:6      | Killed Blork the orc
  4786 | D:6      | Gained mutation: Your movements are slightly less
                  | encumbered by armour. (ER -2) [demonic ancestry]
  4786 | D:6      | Reached XP level 8. HP: 62/62 MP: 8/8
  5050 | D:6      | Found a runed translucent door.
  5051 | D:6      | Noticed Crazy Yiuf
  5149 | D:6      | Found a runed translucent gate.
  5149 | D:6      | Found a runed translucent gate.
  5149 | D:6      | Found a runed translucent gate.
  5152 | D:6      | Found an opulent altar of Gozag.
  5152 | D:6      | Noticed a gargoyle
  5155 | D:6      | Noticed arthad's ghost (novice GrEE)
  5274 | D:6      | Found the +2 hat of the Bear Spirit {Spirit, *Rage Will++}
  5879 | D:7      | Found a staircase to the Ecumenical Temple.
  5947 | D:7      | Reached skill level 5 in Evocations
  5949 | D:7      | Reached skill level 5 in Long Blades
  6422 | D:7      | Gained mutation: A demonic guardian rushes to your aid.
                  | [demonic ancestry]
  6422 | D:7      | Reached XP level 9. HP: 25/68 MP: 9/9
  7243 | D:8      | Noticed a two-headed ogre
  7250 | D:8      | Killed a two-headed ogre
  7293 | D:8      | Reached skill level 6 in Fighting
  7633 | D:8      | Found a burning altar of Makhleb.
  7804 | D:8      | Reached *** piety under Qazlal
  7811 | D:8      | Reached skill level 7 in Fighting
  8171 | D:9      | Reached skill level 8 in Fighting
  8176 | D:9      | Gained mutation: Your movements are less encumbered by
                  | armour. (ER -4) [demonic ancestry]
  8176 | D:9      | Reached XP level 10. HP: 32/80 MP: 10/10
  8183 | D:9      | Reached skill level 5 in Armour
  8589 | D:9      | Noticed a two-headed ogre
  8590 | D:9      | Noticed Maggie
  8601 | D:9      | Noticed a cyclops
  8604 | D:9      | Noticed a centaur warrior
  8606 | D:9      | Demolished by a two-headed ogre

Illustrated notes

Levels and vault maps discovered:
D:1:      sevenhm_arrival_forest_fort_small_6, layout_basic
D:2:      layout_loops_cross, serial_aquarium, aquarium_bridge_straight
          [aquarium_subvault_bridge, aquarium_subvault_window,
          aquarium_subvault_bridge, aquarium_subvault_wall],
          aquarium_window_corridor_2, aquarium_window_fake,
          aquarium_window_fake, aquarium_window_1, aquarium_view_2b,
          aquarium_pool_corner, basic_altar, minmay_misc_feat_more_columns,
          minivault_4
D:3:      layout_rooms, regret_index_temple_of_mockery,
          nicolae_tso_swordbearing_angel, serial_shops, nicolae_diamond_shop,
          grunt_decor_resistance, minmay_misc_feat_diagonals, uniq_jessica,
          uniq_ijyb
D:4:      layout_rooms, kennysheep_vampire_church
D:5:      layout_cave_pools, nicolae_ashenzari_panopticon
D:6:      layout_basic, ebering_ghost_gozag, uniq_blork_the_orc,
          uniq_crazy_yiuf_cottage
D:7:      layout_basic, minmay_temple_entry_sparse_star
D:8:      layout_basic, general_overflow_altar
D:9:      minmay_shrinking_squares, layout_basic, david_lair_generic,
          erik_orc_2, uniq_maggie

Skill      XL: |  1  2  3  4  5  6  7  8  9 10 |
---------------+-------------------------------+-----
Stealth        | 1 2 3 |  3.0
Fighting       | 4 5 8 |  8.0
Dodging        | 3 4 |  4.0
Long Blades    | 3 4 6 7 |  7.7
Armour         | 2 4 5 |  5.6
Evocations     | 2 5 |  5.0
Short Blades   | |  2.6
Throwing       | |  1.7

Action                   |  1- 3 |  4- 6 |  7- 9 | 10-12 || total
-------------------------+-------+-------+-------+-------++-------
Melee: Rapier            |   130 |    67 |       |       ||   197
       Headbutt          |    11 |    28 |    36 |     3 ||    78
       Punch             |       |     3 |     1 |       ||     4
       Dagger            |       |   114 |    36 |       ||   150
       Long sword        |       |       |   196 |    14 ||   210
Throw: Javelin           |       |     1 |       |       ||     1
       Throwing net      |       |     1 |       |       ||     1
Evoke: Wand              |       |     2 |       |     1 ||     3
  Use: Scroll            |     1 |     5 |     7 |       ||    13
       Potion            |       |     3 |     2 |     1 ||     6
 Stab: Sleeping          |     8 |     2 |       |       ||    10
       Distracted        |       |     1 |       |       ||     1
       Held in net/web   |       |     1 |       |       ||     1
       Invisible         |       |       |       |     1 ||     1
Armor: Leather armour    |    30 |    82 |    44 |     4 ||   160
Dodge: Dodged            |    83 |   168 |   168 |    16 ||   435
Block: Other             |       |     3 |    24 |     1 ||    28

Table legend: (Time is in decaauts)
 A = Elapsed time spent in this place.
 B = Non-inter-level travel time spent in this place.
 C = Inter-level travel time spent in this place.
 D = Time resting spent in this place.
 E = Time spent auto-exploring this place.
 F = Levels seen in this place.
 G = Mean time per level.
                   A        B        C        D        E       F      G
               +--------+--------+--------+--------+--------+-----+--------+
         Total |   8611 |   8283 |    328 |   1984 |   4995 |   9 |  956.8 |
       Dungeon |   8611 |   8283 |    328 |   1984 |   4995 |   9 |  956.8 |
               +--------+--------+--------+--------+--------+-----+--------+

Top non-repeatable levels by time:
     D:8: 1559 daAuts
     D:2: 1354 daAuts
     D:6: 1188 daAuts
     D:7: 1187 daAuts
     D:5: 1004 daAuts
     D:4: 885 daAuts
     D:1: 793 daAuts
     D:3: 582 daAuts
     D:9: 55 daAuts
